 Dungeon Crawl Stone Soup version 0.28.0-53-g5a82cb258f (webtiles) character file.

Game seed: 4844792414353464553

542 gharlik the Chopper (level 7, -2/60 HPs)
             Began as a Gnoll Cinder Acolyte on July 31, 2022.
             Was a High Priest of Ignis.
             Slain by a gnoll
             ... wielding a +4 halberd
              (11 damage)
             ... on level 4 of the Dungeon.
             The game lasted 00:11:18 (5035 turns).

gharlik the Chopper (Gnoll Cinder Acolyte)          Turns: 5035, Time: 00:11:19

Health: -2/60      AC:  8    Str: 16    XL:     7   Next: 27%
Magic:  12/12      EV:  7    Int: 13    God:    Ignis [*****.]
Gold:   217        SH:  0    Dex:  7    Spells: 13/13 levels left

rFire   + . .      SeeInvis .   s - +2 hand axe (flame)
rCold   . . .      Faith    .   (no shield)
rNeg    . . .      Spirit   .   j - +0 chain mail
rPois   .          Reflect  .   (no helmet)
rElec   .          Harm     .   (no cloak)
rCorr   .          Rampage  .   (no gloves)
Will    .....                   (no boots)
Stlth   ..........              (no amulet)
HPRegen 0.20/turn               (no ring)
MPRegen 0.13/turn               (no ring)

@: no status effects
A: fangs 1, strong nose, distributed training
a: Renounce Religion, Fiery Armour, Foxfire Swarm, Rising Flame


You were on level 4 of the Dungeon.
You worshipped Ignis.
Ignis was extremely pleased with you.
You visited 1 branch of the dungeon, and saw 4 of its levels.

You collected 217 gold pieces.

Inventory:

Hand Weapons
 a - a -1 hand axe of flaming
 d - a +1 dagger of venom
 f - a +2 dagger of venom
 m - a +1 spectral lajatang
 s - a +2 hand axe of flaming (weapon)
Missiles
 o - a throwing net (quivered)
Armour
 b - a +0 robe
 j - a +0 chain mail (worn)
Jewellery
 u - a ring of protection from cold
 w - a +4 ring of evasion
Wands
 x - a wand of flame (10)
 y - a wand of charming (13)
Scrolls
 c - 4 scrolls of identify {unknown}
 e - 2 scrolls of enchant armour {unknown}
 g - 2 scrolls of noise {unknown}
 i - 2 scrolls of blinking {unknown}
 n - a scroll of fog {unknown}
 q - a scroll of acquirement {unknown}
 t - a scroll of fear {unknown}
 v - a scroll of torment {unknown}
 A - a scroll of magic mapping {unknown}
Potions
 h - a potion of invisibility {unknown}
 k - a potion of berserk rage {unknown}
 l - 6 potions of curing {unknown}
 p - a potion of cancellation {unknown}
 r - 2 potions of attraction {unknown}
 z - a potion of heal wounds {unknown}


   Skills:
 + Level 7.0 Fighting
 + Level 2.3 Short Blades
 + Level 2.3 Long Blades
 + Level 7.0 Axes
 + Level 2.3 Maces & Flails
 + Level 2.3 Polearms
 + Level 2.3 Staves
 + Level 2.3 Slings
 + Level 2.3 Bows
 + Level 2.3 Crossbows
 + Level 2.3 Throwing
 + Level 2.3 Armour
 + Level 2.3 Dodging
 + Level 2.3 Stealth
 + Level 2.3 Shields
 + Level 2.3 Unarmed Combat
 + Level 3.7 Spellcasting
 + Level 1.9 Conjurations
 + Level 1.9 Hexes
 + Level 1.9 Summonings
 + Level 1.9 Necromancy
 + Level 1.9 Translocations
 + Level 1.9 Transmutations
 + Level 5.8 Fire Magic
 + Level 1.9 Ice Magic
 + Level 1.9 Air Magic
 + Level 1.9 Earth Magic
 + Level 1.9 Poison Magic
 + Level 2.6 Invocations
 + Level 2.3 Evocations


You had 13 spell levels left.
You didn't know any spells.
Your spell library contained the following spells:

 Spells                   Type           Power      Damage    Failure   Level
 Scorch                   Fire           34%        2d6       47%         2


Dungeon Overview and Level Annotations

Branches:
Dungeon (4/15)
 Temple: D:4-7

Altars:
Wu Jian
Xom
Zin


Innate Abilities, Weirdness & Mutations

You have very sharp teeth.
Your uncanny sense of smell can sniff out nearby items.
Your experience applies equally to all skills.


Message History

You are too injured to fight recklessly!
You are too injured to fight recklessly!
You are too injured to fight recklessly!
You are too injured to fight recklessly!
You are too injured to fight recklessly!
The goblin hits you but does no damage.
You hit the goblin. You burn the goblin.
You kill the goblin!
You completely miss the hobgoblin. Your bite misses the hobgoblin.
The hobgoblin barely misses you.
You barely miss the hobgoblin. The hobgoblin hits you.
You barely miss the hobgoblin. Your bite misses the hobgoblin.
The hobgoblin hits you but does no damage.
The gnoll barely misses you.
You hit the hobgoblin. You burn the hobgoblin.
The hobgoblin is heavily wounded.
The hobgoblin hits you but does no damage.
The gnoll hits you from afar with a +4 halberd.
You hit the hobgoblin. You burn the hobgoblin.
You kill the hobgoblin!
The gnoll hits you from afar with a +4 halberd!
* * * LOW HITPOINT WARNING * * *
You slash the gnoll! You burn the gnoll.
The gnoll is severely wounded.
The gnoll closely misses you. x2
You hit the gnoll. You burn the gnoll.
You kill the gnoll!
The gnoll hits you from afar with a +4 halberd.
* * * LOW HITPOINT WARNING * * *
You barely miss the hobgoblin.
The hobgoblin hits you but does no damage.
The gnoll barely misses you.
You closely miss the hobgoblin.
The hobgoblin hits you but does no damage.
The gnoll closely misses you.
You hit the hobgoblin. You burn the hobgoblin.
The hobgoblin is almost dead.
The hobgoblin hits you but does no damage.
The gnoll hits you from afar with a +4 halberd!
You die...

.###.########
..##........#
.....######.#
.###.# #.####
.###.# #.#..
.....# #.#.#
######
#.#.####
#.#.....#
##.#.##@# # #
###.##g##.#
## #...Kg..#
.## ##.#.#.##
..# #.#.#.#
..# #...# #
... #..## .#.
#†#)# ##
.....g.


You could see a gnoll, a hobgoblin and a kobold.

Vanquished Creatures
  A sky beast (D:3)
  A phantom (D:4)
  Jessica (D:2)
  Terence (D:2)
  A hound skeleton (D:3)
  7 gnolls
  10 adders
  An adder skeleton (D:3)
  7 worms
  A dart slug (D:2)
  13 orcs
  11 ball pythons
  5 bats
  8 endoplasms
  2 giant cockroaches (D:2)
  11 goblins
  10 hobgoblins
  6 jackals (D:1)
  5 quokkas
  5 frilled lizards
  8 kobolds
  9 rats
124 creatures vanquished.

Vanquished Creatures (others)
  An angel (D:4)
1 creature vanquished.

Grand Total: 125 creatures vanquished

Notes
Turn   | Place    | Note
-------+----------+-------------------------------------------
     0 | D:1      | gharlik the Gnoll Cinder Acolyte began the quest for the
                  | Orb.
     0 | D:1      | Reached XP level 1. HP: 23/23 MP: 4/4
   278 | D:1      | Reached XP level 2. HP: 13/29 MP: 5/5
   821 | D:1      | Reached XP level 3. HP: 13/35 MP: 7/7
  1226 | D:1      | Reached skill level 1 in Invocations
  1534 | D:2      | Noticed Terence
  1548 | D:2      | Killed Terence
  1549 | D:2      | Reached skill level 1 in Short Blades
  1549 | D:2      | Reached skill level 1 in Long Blades
  1549 | D:2      | Reached skill level 1 in Maces & Flails
  1549 | D:2      | Reached skill level 1 in Polearms
  1549 | D:2      | Reached skill level 1 in Staves
  1549 | D:2      | Reached skill level 1 in Slings
  1549 | D:2      | Reached skill level 1 in Bows
  1549 | D:2      | Reached skill level 1 in Crossbows
  1549 | D:2      | Reached skill level 1 in Throwing
  1549 | D:2      | Reached skill level 1 in Armour
  1549 | D:2      | Reached skill level 1 in Dodging
  1549 | D:2      | Reached skill level 1 in Stealth
  1549 | D:2      | Reached skill level 1 in Shields
  1549 | D:2      | Reached skill level 1 in Unarmed Combat
  1549 | D:2      | Reached skill level 1 in Evocations
  1549 | D:2      | Reached XP level 4. HP: 15/41 MP: 8/8
  1959 | D:2      | Reached skill level 1 in Conjurations
  1959 | D:2      | Reached skill level 1 in Hexes
  1959 | D:2      | Reached skill level 1 in Summonings
  1959 | D:2      | Reached skill level 1 in Necromancy
  1959 | D:2      | Reached skill level 1 in Translocations
  1959 | D:2      | Reached skill level 1 in Transmutations
  1959 | D:2      | Reached skill level 1 in Ice Magic
  1959 | D:2      | Reached skill level 1 in Air Magic
  1959 | D:2      | Reached skill level 1 in Earth Magic
  1959 | D:2      | Reached skill level 1 in Poison Magic
  2243 | D:2      | Reached XP level 5. HP: 42/47 MP: 9/9
  2375 | D:2      | Noticed Jessica
  2377 | D:2      | Killed Jessica
  2884 | D:3      | Noticed a sky beast
  2897 | D:3      | Killed a sky beast
  2898 | D:3      | Reached XP level 6. HP: 14/53 MP: 9/11
  3758 | D:3      | Found a faded altar of an unknown god.
  4350 | D:4      | Found a shimmering altar of Xom.
  4352 | D:4      | Noticed an angel
  4358 | D:4      | Found a glowing silver altar of Zin.
  4539 | D:4      | Reached XP level 7. HP: 47/59 MP: 12/12
  4640 | D:4      | Killed an angel
  4660 | D:4      | Found an ornate altar of the Wu Jian Council.
  5035 | D:4      | Slain by a gnoll

Illustrated notes

Levels and vault maps discovered:
D:1:      saegor_arrival_under_anarchy, layout_basic, minivault_23, st_stairs_9
D:2:      layout_loops_ring, minmay_quantized, uniq_terence, uniq_jessica
D:3:      minmay_bubble_buster, layout_loops_ring,
          shapermc_ecumenical_altar_totnotflames, st_stairs_11,
          grunt_ministairs_13, minmay_fractal_squares_gapless_5
D:4:      layout_loops_cross, grunt_temple_overflow_order_and_chaos_1,
          nzn_wu_jian_council_hall, grunt_ministairs_11, st_stairs_4,
          nicolae_wormholes

Skill      XL: |  1  2  3  4  5  6  7 |
---------------+----------------------+-----
Invocations    | 1 2 |  2.6
Short Blades   | 1 2 |  2.3
Long Blades    | 1 2 |  2.3
Maces & Flails | 1 2 |  2.3
Polearms       | 1 2 |  2.3
Staves         | 1 2 |  2.3
Slings         | 1 2 |  2.3
Bows           | 1 2 |  2.3
Crossbows      | 1 2 |  2.3
Throwing       | 1 2 |  2.3
Armour         | 1 2 |  2.3
Dodging        | 1 2 |  2.3
Stealth        | 1 2 |  2.3
Shields        | 1 2 |  2.3
Unarmed Combat | 1 2 |  2.3
Evocations     | 1 2 |  2.3
Spellcasting   | 3 |  3.7
Conjurations   | 1 |  1.9
Hexes          | 1 |  1.9
Summonings     | 1 |  1.9
Necromancy     | 1 |  1.9
Translocations | 1 |  1.9
Transmutations | 1 |  1.9
Ice Magic      | 1 |  1.9
Air Magic      | 1 |  1.9
Earth Magic    | 1 |  1.9
Poison Magic   | 1 |  1.9
Fighting       | 7 |  7.0
Axes           | 7 |  7.0
Fire Magic     | |  5.8

Action                   |  1- 3 |  4- 6 |  7- 9 || total
-------------------------+-------+-------+-------++-------
Melee: Hand axe          |    53 |   118 |    44 ||   215
       Bite              |     2 |    23 |     5 ||    30
       Punch             |     1 |     2 |       ||     3
       Dagger            |    15 |   137 |       ||   152
Armor: Robe              |     8 |       |       ||     8
       Chain mail        |    10 |   141 |    17 ||   168
Dodge: Dodged            |    36 |    85 |    16 ||   137
